MLB
PHILADELPHIA PHILLIES @ MINNESOTA TWINS
03/11/2026
 
TOP OF THE 1ST
Philadelphia Phillies batting - Pitching for Minnesota Twins : LHP Devin Smeltzer
Pitching: LHP Devin Smeltzer
Batting: LHB Jordan Charry 0-0: Ground out U3 (Groundball, 3, EV 100.6 MPH)
Batting: RHB Jeremy Kaski 0-0: Ball
1-0: Called Strike
1-1: Swinging Strike
1-2: Strikes out swinging
Batting: SHB Junior Sanquintin 0-0: Called Strike
0-1: Swinging Strike
0-2: Strikes out swinging, 2-3 out at first.
Top of the 1st over - 0 runs, 0 hits, 0 errors, 0 left on base; Philadelphia 0 - Minnesota 0
BOTTOM OF THE 1ST
Minnesota Twins batting - Pitching for Philadelphia Phillies : RHP Eric Toth
Pitching: RHP Eric Toth
Batting: RHB Gilberto Celestino 0-0: Ball
1-0: Ball
2-0: Ground out 4-3 (Groundball, 4, EV 83.8 MPH)
Batting: RHB Keoni Cavaco 0-0: Ball
1-0: Fly out, F7 (Flyball, 78M, EV 96.2 MPH)
Batting: LHB Alex Kirilloff 0-0: Ball
1-0: Ball
2-0: Ball
3-0: Called Strike
3-1: Base on Balls
Batting: LHB Geoff Matheny 0-0: Called Strike
0-1: Foul Ball, location: 2F
0-2: 2-RUN HOME RUN (Flyball, 89XD, EV 110.0 MPH), Distance : 396 ft
Batting: SHB Cal Raleigh 0-0: Foul Ball, location: 2F
0-1: Called Strike
0-2: Strikes out looking
Bottom of the 1st over - 2 runs, 1 hit, 0 errors, 0 left on base; Philadelphia 0 - Minnesota 2
TOP OF THE 2ND
Philadelphia Phillies batting - Pitching for Minnesota Twins : LHP Devin Smeltzer
Batting: RHB Benyamin Bailey 0-0: Called Strike
0-1: Ball
1-1: Swinging Strike
1-2: Strikes out swinging
Batting: SHB Luis Garcia 0-0: Ground out 6-3 (Groundball, 6MD, EV 100.6 MPH)
Batting: RHB Austin Martin 0-0: SINGLE (Flyball, 6MD, EV 84.4 MPH)
Batting: LHB Kyle McCann 0-0: Ball
1-0: Ball
2-0: SINGLE (Line Drive, 7LS, EV 95.6 MPH)
Austin Martin to second
Batting: RHB Jose Rodriguez 0-0: Called Strike
0-1: Ground out 3-1 (Groundball, 34, EV 81.2 MPH)
Top of the 2nd over - 0 runs, 2 hits, 0 errors, 2 left on base; Philadelphia 0 - Minnesota 2
BOTTOM OF THE 2ND
Minnesota Twins batting - Pitching for Philadelphia Phillies : RHP Eric Toth
Batting: LHB Matt Wallner 0-0: Swinging Strike
0-1: Ball
1-1: Fly out, F9 (Line Drive, 9, EV 98.1 MPH)
Batting: LHB Travis Blankenhorn 0-0: Ball
1-0: Foul Ball, location: 2F
1-1: Ground out 3-1 (Groundball, 34, EV 82.5 MPH)
Batting: LHB Joe Szablewski 0-0: Ball
1-0: Ball
2-0: Called Strike
2-1: Ball
3-1: Foul Ball, location: 2F
3-2: Base on Balls
Batting: RHB Devin Smeltzer 0-0: Ball
1-0: Fly out, F8 (Flyball, 89M, EV 83.8 MPH)
Bottom of the 2nd over - 0 runs, 0 hits, 0 errors, 1 left on base; Philadelphia 0 - Minnesota 2
TOP OF THE 3RD
Philadelphia Phillies batting - Pitching for Minnesota Twins : LHP Devin Smeltzer
Batting: RHB Eric Toth 0-0: Called Strike
0-1: Foul Ball, location: 2F
0-2: Ground out 3-1 (Groundball, 34, EV 101.2 MPH)
Batting: LHB Jordan Charry 0-0: Swinging Strike
0-1: Ball
1-1: Fly out, F7 (Flyball, 7LM, EV 75.0 MPH)
Batting: RHB Jeremy Kaski 0-0: Ball
1-0: Ball
2-0: Ball
3-0: Base on Balls
Batting: SHB Junior Sanquintin 0-0: Ball
1-0: Foul Ball, location: 2F
1-1: Ball
2-1: Ground out 6-3 (Groundball, 6M, EV 102.5 MPH)
Top of the 3rd over - 0 runs, 0 hits, 0 errors, 1 left on base; Philadelphia 0 - Minnesota 2
BOTTOM OF THE 3RD
Minnesota Twins batting - Pitching for Philadelphia Phillies : RHP Eric Toth
Batting: RHB Gilberto Celestino 0-0: Foul Ball, location: 2F
0-1: Foul Ball, location: 2F
0-2: Foul Ball, location: 2F
0-2: Ball
1-2: Ball
2-2: Strikes out swinging, 2-3 out at first.
Batting: RHB Keoni Cavaco 0-0: Ball
1-0: Ball
2-0: Ball
3-0: Base on Balls
Batting: LHB Alex Kirilloff 0-0: Ball
1-0: Called Strike
1-1: Swinging Strike
1-2: Strikes out swinging
Batting: LHB Geoff Matheny 0-0: Foul Ball, location: 2F
0-1: Fly out, F4 (Flyball, 34D, EV 90.0 MPH)
Bottom of the 3rd over - 0 runs, 0 hits, 0 errors, 1 left on base; Philadelphia 0 - Minnesota 2
TOP OF THE 4TH
Philadelphia Phillies batting - Pitching for Minnesota Twins : LHP Devin Smeltzer
Batting: RHB Benyamin Bailey 0-0: Ball
1-0: Ball
2-0: Fly out, F8 (Flyball, 8LD, EV 102.5 MPH)
Batting: SHB Luis Garcia 0-0: Foul Ball, location: 2F
0-1: Ball
1-1: Ball
2-1: Ball
3-1: Fly out, F8 (Line Drive, 8RM, EV 96.9 MPH)
Batting: RHB Austin Martin 0-0: Ball
1-0: Foul Ball, location: 2F
1-1: Called Strike
1-2: Ball
2-2: Foul Ball, location: 2F
2-2: Fly out, F8 (Flyball, 8RD, EV 103.8 MPH)
Top of the 4th over - 0 runs, 0 hits, 0 errors, 0 left on base; Philadelphia 0 - Minnesota 2
BOTTOM OF THE 4TH
Minnesota Twins batting - Pitching for Philadelphia Phillies : RHP Eric Toth
Pitching: RHP Curt Hostetter
Batting: SHB Cal Raleigh 0-0: Ball
1-0: Called Strike
1-1: Ball
2-1: Foul Ball, location: 2F
2-2: Ball
3-2: Strikes out swinging
Batting: LHB Matt Wallner 0-0: Swinging Strike
0-1: Ball
1-1: Ground out 6-3 (Groundball, 4, EV 84.4 MPH)
Batting: LHB Travis Blankenhorn 0-0: Called Strike
0-1: DOUBLE (Groundball, 3L, EV 102.5 MPH)
Batting: LHB Joe Szablewski 0-0: Foul Ball, location: 2F
0-1: Foul Ball, location: 2F
0-2: Foul Ball, location: 2F
0-2: Ball
1-2: Ground out U3 (Groundball, 3S, EV 91.9 MPH)
Bottom of the 4th over - 0 runs, 1 hit, 0 errors, 1 left on base; Philadelphia 0 - Minnesota 2
TOP OF THE 5TH
Philadelphia Phillies batting - Pitching for Minnesota Twins : LHP Devin Smeltzer
Pitching: RHP Anthony Escobar
Now at C: Ben Rortvedt
Now at 2B: Joe Szablewski
Now at SS: Yoshitaro Otsuka
Now in CF: Joe Garland
Batting: LHB Kyle McCann 0-0: Ball
1-0: Called Strike
1-1: Called Strike
1-2: Strikes out looking
Batting: RHB Jose Rodriguez 0-0: Ground out 6-3 (Groundball, 6, EV 88.8 MPH)
Pitching: LHP Lucas Sweany
Batting: RHB Curt Hostetter 0-0: Foul Ball, location: 2F
0-1: Swinging Strike
0-2: Foul Ball, location: 2F
0-2: Ball
1-2: Foul Ball, location: 2F
1-2: Ball
2-2: Ball
3-2: Strikes out swinging, 2-3 out at first.
Top of the 5th over - 0 runs, 0 hits, 0 errors, 0 left on base; Philadelphia 0 - Minnesota 2
BOTTOM OF THE 5TH
Minnesota Twins batting - Pitching for Philadelphia Phillies : RHP Curt Hostetter
Pitching: LHP Kyle Dohy
Now at 2B: Jose Rodriguez
Now at 3B: Ireno Brazzi
Now at SS: Daniel Vasquez
Now in CF: Mickey Moniak
Now in RF: Junior Perez
Batting: SHB Joe Garland 0-0: Ball
1-0: Ball
2-0: SOLO HOME RUN (Flyball, 78XD, EV 97.5 MPH), Distance : 368 ft
Batting: LHB Ben Rortvedt 0-0: Ball
1-0: Called Strike
1-1: Ball
2-1: SINGLE (Flyball, 4MD, EV 91.2 MPH)
Pinch Hitting: RHB Tim Gardner 0-0: Called Strike
0-1: Ball
1-1: Swinging Strike
1-2: Ball
2-2: Strikes out swinging
Batting: LHB Alex Kirilloff 0-0: Foul Ball, location: 2F
0-1: Swinging Strike
0-2: Strikes out looking
Pinch Hitting: LHB Trevor Larnach 0-0: Called Strike
0-1: Called Strike
0-2: Foul Ball, location: 2F
0-2: Strikes out swinging
Bottom of the 5th over - 1 run, 2 hits, 0 errors, 1 left on base; Philadelphia 0 - Minnesota 3
TOP OF THE 6TH
Philadelphia Phillies batting - Pitching for Minnesota Twins : LHP Lucas Sweany
Now at 1B: Aaron Sabato
Now at 3B: Seth Gray
Now in RF: Trevor Larnach
Batting: RHB Ireno Brazzi 0-0: Swinging Strike
0-1: Ball
1-1: Swinging Strike
1-2: Ball
2-2: Foul Ball, location: 2F
2-2: SINGLE (Line Drive, 7LS, EV 91.2 MPH)
Batting: RHB Junior Perez 0-0: Called Strike
0-1: Fly out, F8 (Flyball, 8RD, EV 103.8 MPH)
Runner from 1st tags up, SAFE at 2nd
Pinch Hitting: SHB Abraham Toro 0-0: Swinging Strike
0-1: Foul Ball, location: 2F
0-2: Ball
1-2: Ball
2-2: Foul Ball, location: 2F
2-2: SINGLE (Line Drive, 56, EV 95.0 MPH)
Ireno Brazzi to third
Pitching: RHP Sam Hurst
Pinch Hitting: LHB Erick Pena 0-0: Called Strike
0-1: Ball
1-1: Swinging Strike
1-2: Foul Ball, location: 2F
1-2: Strikes out swinging
Batting: LHB Mickey Moniak 0-0: Foul Ball, location: 2F
0-1: Called Strike
0-2: Ball
1-2: Strikes out swinging
Top of the 6th over - 0 runs, 2 hits, 0 errors, 2 left on base; Philadelphia 0 - Minnesota 3
BOTTOM OF THE 6TH
Minnesota Twins batting - Pitching for Philadelphia Phillies : LHP Kyle Dohy
Pitching: RHP Andy Webb
Now at 1B: Abraham Toro
Now in LF: Mickey Moniak
Now in CF: Erick Pena
Batting: RHB Yoshitaro Otsuka 0-0: Reached on error, E6 (Groundball, 56D, EV 88.8 MPH)
Batting: LHB Seth Gray 0-0: Ball
1-0: Ball
2-0: Called Strike
2-1: Foul Ball, location: 2F
2-2: Ball
3-2: Ground out 6-3 (Groundball, 6, EV 102.5 MPH)
Batting: RHB Sam Hurst 0-0: Called Strike
0-1: Ball
1-1: Foul Ball, location: 2F
1-2: Strikes out swinging
Batting: LHB Joe Szablewski 0-0: Foul Ball, location: 2F
0-1: Foul Ball, location: 2F
0-2: Ball
1-2: Ground out 4-3 (Groundball, 4M, EV 90.6 MPH)
Bottom of the 6th over - 0 runs, 0 hits, 1 error, 1 left on base; Philadelphia 0 - Minnesota 3
TOP OF THE 7TH
Philadelphia Phillies batting - Pitching for Minnesota Twins : RHP Sam Hurst
Batting: RHB Daniel Vasquez 0-0: SINGLE (Groundball, 6M, EV 85.6 MPH) (infield hit)
Batting: LHB Kyle McCann 0-0: Ball
1-0: Ball
2-0: Ball
3-0: Called Strike
3-1: Foul Ball, location: 2F
3-2: Base on Balls
Daniel Vasquez to second
Pinch Hitting: RHB Joe Curran 0-0: Ball
1-0: Fielders Choice at 2nd, 6-4 (Groundball, 6, EV 103.8 MPH)
Daniel Vasquez to third
Pinch Hitting: LHB Dominic Smith 0-0: Ball
1-0: Ball
2-0: Ball
3-0: Called Strike
3-1: Base on Balls
Joe Curran to second
Batting: RHB Ireno Brazzi 0-0: Foul Ball, location: 2F
0-1: Swinging Strike
0-2: Foul Ball, location: 2F
0-2: SINGLE (Line Drive, 89M, EV 107.5 MPH)
Daniel Vasquez scores
Joe Curran to third
Dominic Smith to second
Pitching: LHP Genesis Cabrera
Batting: RHB Junior Perez 0-0: Ball
1-0: Ball
2-0: Foul Ball, location: 2F
2-1: Foul Ball, location: 2F
2-2: Foul Ball, location: 2F
2-2: Ball
3-2: Grounds into fielders choice 4-2 (Groundball, 4, EV 83.8 MPH)
Dominic Smith to third
Ireno Brazzi to second
Batting: SHB Abraham Toro 0-0: Foul Ball, location: 2F
0-1: Ball
1-1: Ball
2-1: Ball
3-1: Base on Balls
Dominic Smith scores
Ireno Brazzi to third
Junior Perez to second
Batting: LHB Erick Pena 0-0: SINGLE (Line Drive, 7S, EV 103.8 MPH)
Ireno Brazzi scores
Junior Perez to third
Abraham Toro to second
Runner from 3rd tries for Home, SAFE, throw by LF to home
Batting: LHB Mickey Moniak 0-0: Called Strike
0-1: Ball
1-1: Ball
2-1: Foul Ball, location: 2F
2-2: Strikes out looking
Top of the 7th over - 4 runs, 3 hits, 0 errors, 2 left on base; Philadelphia 4 - Minnesota 3
BOTTOM OF THE 7TH
Minnesota Twins batting - Pitching for Philadelphia Phillies : RHP Andy Webb
Pitching: RHP James McArthur
Now at 2B: Joe Curran
Batting: SHB Joe Garland 0-0: Ball
1-0: Foul Ball, location: 2F
1-1: Ball
2-1: SINGLE (Groundball, 25, EV 65.6 MPH) (infield hit)
Batting: LHB Ben Rortvedt 0-0: Foul Ball, location: 2F
0-1: Called Strike
0-2: Ball
1-2: Hit by Pitch
Joe Garland to second
Batting: RHB Aaron Sabato 0-0: Ball
1-0: Swinging Strike
1-1: Foul Ball, location: 2F
1-2: Ball
2-2: 3-RUN HOME RUN (Flyball, 7D, EV 91.9 MPH), Distance : 351 ft
Pitching: LHP Asa Lacy
Batting: LHB Alex Kirilloff 0-0: Called Strike
0-1: Ball
1-1: SOLO HOME RUN (Flyball, 7D, EV 96.2 MPH), Distance : 351 ft
Batting: LHB Trevor Larnach 0-0: Ball
1-0: Ball
2-0: Ball
3-0: Foul Ball, location: 2F
3-1: Called Strike
3-2: Strikes out swinging
Batting: RHB Yoshitaro Otsuka 0-0: Called Strike
0-1: Foul Ball, location: 2F
0-2: Ball
1-2: Foul Ball, location: 2F
1-2: Foul Ball, location: 2F
1-2: Strikes out swinging
Batting: LHB Seth Gray 0-0: Ball
1-0: Called Strike
1-1: Called Strike
1-2: Foul Ball, location: 2F
1-2: Ball
2-2: Ball
3-2: Strikes out swinging
Bottom of the 7th over - 4 runs, 3 hits, 0 errors, 0 left on base; Philadelphia 4 - Minnesota 7
TOP OF THE 8TH
Philadelphia Phillies batting - Pitching for Minnesota Twins : LHP Genesis Cabrera
Pitching: RHP Matthew Thompson
Batting: RHB Daniel Vasquez 0-0: Swinging Strike
0-1: Foul Ball, location: 2F
0-2: Strikes out swinging
Batting: LHB Kyle McCann 0-0: Foul Ball, location: 2F
0-1: Called Strike
0-2: Ball
1-2: Strikes out swinging
Batting: RHB Joe Curran 0-0: Ball
1-0: Ball
2-0: Ball
3-0: Base on Balls
Pinch Hitting: RHB Austin Hays 0-0: Called Strike
0-1: Foul Ball, location: 2F
0-2: Ball
1-2: Strikes out swinging
Top of the 8th over - 0 runs, 0 hits, 0 errors, 1 left on base; Philadelphia 4 - Minnesota 7
BOTTOM OF THE 8TH
Minnesota Twins batting - Pitching for Philadelphia Phillies : LHP Asa Lacy
Pitching: RHP James Karinchak
Batting: RHB Matthew Thompson 0-0: Swinging Strike
0-1: Ball
1-1: Foul Ball, location: 2F
1-2: Strikes out swinging
Batting: LHB Joe Szablewski 0-0: Foul Ball, location: 2F
0-1: Ball
1-1: Fly out, F6 (Line Drive, 6, EV 66.2 MPH)
Batting: SHB Joe Garland 0-0: Called Strike
0-1: SINGLE (Line Drive, 78S, EV 88.8 MPH)
Batting: LHB Ben Rortvedt 0-0: Ball
1-0: Foul Ball, location: 2F
1-1: Called Strike
1-2: Ball
2-2: Strikes out swinging
Bottom of the 8th over - 0 runs, 1 hit, 0 errors, 1 left on base; Philadelphia 4 - Minnesota 7
TOP OF THE 9TH
Philadelphia Phillies batting - Pitching for Minnesota Twins : RHP Matthew Thompson
Pitching: RHP Greg Garza
Pinch Hitting: RHB Christian Arroyo 0-0: Ball
1-0: Foul Ball, location: 2F
1-1: Ball
2-1: Foul Ball, location: 2F
2-2: Strikes out swinging
Batting: RHB Junior Perez 0-0: Called Strike
0-1: Ball
1-1: SINGLE (Groundball, 56D, EV 104.4 MPH)
Pinch Hitting: SHB Victor Caratini 0-0: Called Strike
0-1: Grounds into double play, 4-6-3 (Groundball, 4, EV 82.5 MPH)
Top of the 9th over - 0 runs, 1 hit, 0 errors, 0 left on base; Philadelphia 4 - Minnesota 7
Tuesday, January 24th , 2023 - OOTP Baseball 23.10 Build 110